 Dungeon Crawl Stone Soup version 0.29.1-2-gbd0b4ee654 (webtiles) character file.

Game seed: 4389126776469480426

363 zeram the Ducker (level 6, 0/53 HPs)
             Began as a Troll Summoner on Nov 23, 2022.
             Splashed by a jelly's acid (1 damage)
             ... on level 4 of the Dungeon.
             The game lasted 00:09:36 (3415 turns).

zeram the Ducker (Troll Summoner)                   Turns: 3415, Time: 00:09:37

Health: 0/53       AC: -24   Str: 17    XL:     6   Next: 39%
Magic:  8/8        EV: 14    Int: 13    God:
Gold:   311        SH:  0    Dex: 10    Spells: 3/9 levels left

rFire   . . .      SeeInvis .   d - +0 club
rCold   . . .      Faith    .   (no shield)
rNeg    + . .      Spirit   .   a - +0 robe
rPois   .          Reflect  .   (helmet restricted)
rElec   .          Harm     .   (no cloak)
rCorr   .          Rampage  .   (gloves unavailable)
Will    .....                   (boots unavailable)
Stlth   +.........              e - amulet of regeneration
HPRegen 1.77/turn               g - ring of positive energy
MPRegen 0.11/turn               m - +4 ring of evasion

@: corroded
A: large, unfitting armour, claws 3, regeneration 1, shaggy fur 1, tough skin 1
a: no special abilities


You were on level 4 of the Dungeon.
You visited 1 branch of the dungeon, and saw 5 of its levels.

You collected 311 gold pieces.

Inventory:

Hand Weapons
 d - a +0 club (weapon)
Armour
 a - a +0 robe (worn)
Jewellery
 e - an amulet of regeneration (around neck)
 g - a ring of positive energy (left claw)
 m - a +4 ring of evasion (right claw)
 o - a ring of see invisible
Wands
 c - a wand of paralysis (9)
Scrolls
 h - a scroll of brand weapon
 j - 2 scrolls of butterflies
 p - a scroll of immolation
Potions
 b - a potion of magic
 f - a potion of haste
 l - a potion of mutation
 n - a potion of curing


   Skills:
 + Level 2.5 Maces & Flails
 + Level 3.8 Dodging
 - Level 1.0 Stealth
 + Level 2.0 Spellcasting
 + Level 3.7 Summonings


You had 3 spell levels left.
You knew the following spells:

 Your Spells              Type           Power      Damage    Failure   Level
a - Summon Small Mammal   Summ           44%        N/A       5%          1
b - Call Imp              Summ           11%        N/A       9%          2
c - Call Canine Familiar  Summ           11%        N/A       17%         3

Your spell library contained the following spells:

 Spells                   Type           Power      Damage    Failure   Level
 Sting                    Tmut/Pois      4%         1d3       26%         1
 Summon Guardian Golem    Hex/Summ       6%         N/A       34%         3
 Poisonous Vapours        Pois/Air       2%         N/A       36%         2
 Summon Lightning Spire   Summ/Air       6%         N/A       75%         4
 Olgreb's Toxic Radiance  Pois           1%         N/A       94%         4


Dungeon Overview and Level Annotations

Branches:
Dungeon (5/15)
 Temple: D:4-7

Altars:

Shops:
D:1 *[


Innate Abilities, Weirdness & Mutations

You are too large for most types of armour.
You have claws for hands.
Your natural rate of healing is unusually fast.
You are covered in fur. (AC +1)
You have tough skin. (AC +1)


Message History

The jelly attacks as you move away! The jelly hits you.
* * * LOW HITPOINT WARNING * * *
You are splashed with acid!
* * * LOW HITPOINT WARNING * * *
Okay, then.
Unknown command.
You feel much better. The jelly hits you.
You are splashed with acid.
Okay, then.
You hit the jelly but do no damage.
Your claws burn!
The jelly is almost dead.
The jelly closely misses you.
You hit the jelly but do no damage. The acid corrodes you!
Your claws burn!
The jelly is almost dead.
The jelly hits you.
You are splashed with acid!
* * * LOW HITPOINT WARNING * * *
Unknown command.
Okay, then.
You barely miss the jelly.
The jelly is almost dead.
The jelly barely misses you. The jelly hits you.
* * * LOW HITPOINT WARNING * * *
The acid corrodes you!
You are splashed with acid!
* * * LOW HITPOINT WARNING * * *
Unknown command.
You feel much better. The jelly hits you. The acid corrodes you!
You are splashed with acid!
You hit the jelly but do no damage.
Your claws burn!
The jelly is almost dead.
The jelly hits you. The acid corrodes you!
You are splashed with acid!
* * * LOW HITPOINT WARNING * * *
Unknown command.
You hit the jelly but do no damage.
Your claws burn!
* * * LOW HITPOINT WARNING * * *
The jelly is almost dead.
The jelly hits you.
* * * LOW HITPOINT WARNING * * *
The acid corrodes you!
You are splashed with acid!
* * * LOW HITPOINT WARNING * * *
You hit the jelly but do no damage.
Your claws burn!
You die...

##.##...............##
#....##.#.....#......###
#.......#...........##.###
####..#..............#...#
######................#
#...........####..)
#...........###....
##....#.....#(#...#
######@...##....#.....#
#.##..J...........#..##
##.....>#......#.###.###
#.......#......#####....
##...............# #.....
#...........#...####....#
####........####...........#
##...........###....[........
#....[##.....)............#..


You could see a jelly.

Vanquished Creatures
  A hound (D:2)
  Robin (D:2)
  7 adders
  A worm (D:4)
  2 dart slugs
  6 bats
  2 endoplasms (D:4)
  A giant cockroach (D:2)
  22 goblins
  12 hobgoblins
  5 jackals (D:3)
  8 kobolds
  4 quokkas
  5 ball pythons
  3 frilled lizards
  3 rats
83 creatures vanquished.

Vanquished Creatures (collateral kills)
  A centaur (D:4)
  Jessica (D:3)
  3 gnolls (D:2)
  2 adders
  An endoplasm (D:4)
  3 giant cockroaches
  A goblin (D:2)
  2 hobgoblins (D:3)
  A quokka (D:4)
15 creatures vanquished.

Grand Total: 98 creatures vanquished

Notes
Turn   | Place    | Note
-------+----------+-------------------------------------------
     0 | D:1      | zeram the Troll Summoner began the quest for the Orb.
     0 | D:1      | Reached XP level 1. HP: 16/16 MP: 1/1
   528 | D:1      | Found Cebeusausi's Armour Boutique.
   577 | D:1      | Reached XP level 2. HP: 24/24 MP: 2/2
   645 | D:1      | Found Keesk's Assorted Antiques.
  1086 | D:2      | Reached XP level 3. HP: 31/31 MP: 3/3
  1192 | D:2      | Noticed Robin
  1379 | D:3      | Reached XP level 4. HP: 30/39 MP: 3/5
  1533 | D:3      | Learned a level 2 spell: Call Imp
  1890 | D:2      | Reached skill level 1 in Maces & Flails
  1991 | D:2      | Reached XP level 5. HP: 14/45 MP: 3/6
  2059 | D:2      | Learned a level 3 spell: Call Canine Familiar
  2254 | D:2      | Killed Robin
  2579 | D:3      | Noticed Jessica
  2606 | D:3      | Killed Jessica
  3029 | D:4      | Reached XP level 6. HP: 46/53 MP: 4/7
  3381 | D:5      | Entered Level 5 of the Dungeon
  3407 | D:4      | HP: 2/53 [acid (9)]
  3414 | D:4      | HP: 1/53 [acid (8)]
  3415 | D:4      | Splashed by a jelly's acid

Illustrated notes

Levels and vault maps discovered:
D:1:      minmay_arrival_jagged, layout_basic, serial_shops,
          nicolae_shop_crystal, nicolae_shop_stone
D:2:      layout_loops_ring, uniq_robin
D:3:      cheibrodos_greedy_goblins, layout_rooms, serial_rivers,
          chequers_serial_rivers_micro_e, chequers_serial_rivers_small_3,
          chequers_serial_rivers_micro_c, chequers_serial_rivers_small_b,
          wad_rectangle_vault, uniq_jessica
D:4:      layout_cave_pools
D:5:      layout_loops_ring, serial_shops, nicolae_shop_hallway_plus,
          hangedman_abyss_or_decor_passed, st_stairs_4

Skill      XL: |  1  2  3  4  5  6 |
---------------+-------------------+-----
Summonings     | 3 |  3.7
Dodging        | 2 3 |  3.8
Maces & Flails | 1 2 |  2.5
Spellcasting   | 2 |  2.0
Stealth        | |  1.0

Action                   |  1- 3 |  4- 6 || total
-------------------------+-------+-------++-------
Melee: Unarmed           |    33 |       ||    33
       Club              |   210 |   444 ||   654
       Punch             |     2 |     2 ||     4
 Cast: Summon Small Mamm |     6 |       ||     6
       Call Imp          |       |    11 ||    11
Evoke: Wand              |       |     1 ||     1
  Use: Scroll            |     2 |     9 ||    11
       Potion            |     2 |     3 ||     5
 Stab: Sleeping          |     1 |     2 ||     3
       Paralysed         |       |     5 ||     5
Armor: Robe              |   115 |   246 ||   361
Dodge: Dodged            |   232 |   434 ||   666
